cohdb
Replays
Latest Replays
All Replays
Popular Replays
Top Player Replays
Match Explorer
How It Works
Community
CoH3 Stats
Reddit
Sign in to upload your games and track your stats! →
Sign in with Steam
Match 38592741
Unlisted
Match 38592741
Overview
Messages
Build Orders
End
Construct Infanterie Kompanie
Pioneer Squad
Grenadier Squad
Grenadier Squad
MG 42 Machine Gun Team
Pioneer Squad
Construct Luftwaffe Kompanie
221 Scout Car
Selects Breakthrough Battlegroup
Selects Assault Grenadiers
Selects Breakthrough
Selects Mechanized Assault Group
Mechanized Assault Group
Mechanized Assault Group
tagilla
REGULATOR
0
0
Comments
sign in to comment!
No comments posted yet!